[Event "Titled Tuesday Blitz November 14 Early 2023"]
[White "Tikhonov, Viacheslav"]
[Black "Timofeev, Artyom"]
[WhiteFideId "44196407"]
[BlackFideId "4140419"]
[WhiteElo "2594"]
[BlackElo "2830"]
[Result "0-1"]
[Round "5"]
[TimeControl "180+1"]
[Date "2023.11.14"]
[WhiteClock "0:00:24"]
[BlackClock "0:01:54"]
[Board "65"]

1. e4 c5 2. Nf3 d6 3. Nc3 e5 4. Bc4 Nc6 5. O-O Be7 6. h3 Nf6 7. d3 O-O 8. a4 Nb4 9. Na2 Nc6 10. Nc3 h6 11. Nd5 Be6 12. Nxf6+ Bxf6 13. c3 d5 14. exd5 Bxd5 15. Nd2 b6 16. Ne4 Be7 17. Qf3 Bxc4 18. dxc4 f5 19. Ng5 e4 20. Nxe4 fxe4 21. Qxe4 Qd7 22. Bf4 Qf5 23. Qxc6 Qxf4 24. Rae1 Qf7 25. Qb7 Bh4 26. g3 Qxb7 0-1


[Site "https://www.chess.com"]

[Event "Titled Tuesday Blitz November 14 Early 2023"]
[White "Vlassov, Nikolai"]
[Black "Bordi, Kevin"]
[WhiteFideId "4103360"]
[BlackFideId "621862"]
[WhiteElo "2592"]
[BlackElo "2829"]
[Result "1-0"]
[Round "5"]
[TimeControl "180+1"]
[Date "2023.11.14"]
[WhiteClock "0:00:27"]
[BlackClock "0:00:15"]
[Board "66"]

1. e4 d5 2. exd5 Qxd5 3. Nc3 Qa5 4. Nf3 Nf6 5. d4 Nc6 6. d5 Nb4 7. Bd2 Nbxd5 8. Bb5+ Kd8 9. Ng5 Be6 10. O-O Kc8 11. Bc4 Nxc3 12. Bxe6+ fxe6 13. bxc3 Qf5 14. Re1 Ng4 15. Qe2 h6 16. Nxe6 a5 17. Bf4 Ra6 18. Rad1 Rd6 19. Bxd6 exd6 20. Nd4 Qd7 21. Qe8+ Qxe8 22. Rxe8+ Kd7 23. Ra8 g5 24. Rxa5 Bg7 25. a4 Rf8 26. Rf5 Ra8 27. Rf7+ 1-0


[Site "https://www.chess.com"]

[Event "Titled Tuesday Blitz November 14 Early 2023"]
[White "Lund, Gunnar"]
[Black "Mikhailovsky, Vladimir"]
[WhiteFideId "1520814"]
[BlackFideId "34105414"]
[WhiteElo "2560"]
[BlackElo "2819"]
[Result "0-1"]
[Round "5"]
[TimeControl "180+1"]
[Date "2023.11.14"]
[WhiteClock "0:00:05"]
[BlackClock "0:00:09"]
[Board "67"]

1. d4 d5 2. Bf4 Nf6 3. e3 c5 4. c3 e6 5. Nf3 Bd6 6. Bg3 O-O 7. Nbd2 Qc7 8. Ne5 Nfd7 9. f4 f6 10. Nef3 c4 11. Be2 f5 12. O-O Nf6 13. Ne5 Nc6 14. Kh1 Bd7 15. Bh4 b5 16. Rg1 Be7 17. g4 Nxg4 18. Nxg4 Bxh4 19. Nf3 Qd8 20. Nxh4 Qxh4 21. Ne5 Nxe5 22. dxe5 Qf2 23. Rg3 Bc6 24. Bf3 Qxe3 25. Bxd5 Bxd5+ 26. Qxd5 Qxf4 27. Qxe6+ Kh8 28. Rag1 Qe4+ 29. R1g2 Rg8 30. Qe7 Rae8 31. Rxg7 Qe1+ 32. Rg1 Qxg1+ 33. Rxg1 Rxe7 34. Rf1 Rge8 35. Rxf5 Rxe5 36. Rf7 Re1+ 37. Kg2 R1e7 38. Rf5 Rg7+ 39. Kh3 Ree7 40. Rxb5 Rg6 41. Rc5 Kg7 42. Rxc4 Re3+ 43. Kh4 Re2 44. h3 Reg2 45. Rc7+ Kh6 46. Rxa7 R2g5 47. Ra5 Rxa5 48. c4 Rh5# 0-1


[Site "https://www.chess.com"]

[Event "Titled Tuesday Blitz November 14 Early 2023"]
[White "Nasir, Zehn"]
[Black "Materia, Marco"]
[WhiteFideId "2613239"]
[BlackFideId "45150451"]
[WhiteElo "2584"]
[BlackElo "2807"]
[Result "0-1"]
[Round "5"]
[TimeControl "180+1"]
[Date "2023.11.14"]
[WhiteClock "0:00:02"]
[BlackClock "0:00:07"]
[Board "68"]

1. d4 Nf6 2. Bf4 d6 3. e3 Nbd7 4. Nf3 b6 5. Nc3 Bb7 6. Bc4 e6 7. O-O Be7 8. Re1 d5 9. Bd3 O-O 10. Ne5 Nxe5 11. dxe5 Nd7 12. Qh5 g6 13. Qh6 Re8 14. Rad1 Bf8 15. Qh3 Bg7 16. Qg3 Qe7 17. h4 Nc5 18. h5 Nxd3 19. cxd3 Qf8 20. d4 a6 21. Kh2 c5 22. Rh1 cxd4 23. exd4 Rac8 24. Qe3 b5 25. a3 b4 26. axb4 Qxb4 27. Rd2 Rc4 28. Kg3 Rec8 29. f3 a5 30. hxg6 fxg6 31. Bh6 Bh8 32. Bg5 Qf8 33. Rh4 Qf5 34. Kf2 Qf7 35. Rf4 Qd7 36. Bf6 a4 37. Bxh8 Kxh8 38. Ne2 Ba6 39. Rf6 Rc2 40. Qh6 Qg7 41. Qf4 g5 42. Qe3 g4 43. Rxc2 Rxc2 44. Qf4 Rxe2+ 45. Kg1 Kg8 46. Rxe6 Bb5 47. Rb6 Be8 48. Rb8 Qg6 49. Qf6 Qxf6 50. Rxe8+ Qf8 51. Rxf8+ Kxf8 52. Kf1 Rxb2 0-1


[Site "https://www.chess.com"]

[Event "Titled Tuesday Blitz November 14 Early 2023"]
[White "Lobanov, Sergei"]
[Black "Alinasab, Mobina"]
[WhiteFideId "24183750"]
[BlackFideId "12528897"]
[WhiteElo "2805"]
[BlackElo "2552"]
[Result "1-0"]
[Round "5"]
[TimeControl "180+1"]
[Date "2023.11.14"]
[WhiteClock "0:00:05"]
[BlackClock "0:00:00"]
[Board "69"]

1. d4 Nf6 2. c4 e6 3. Nc3 Bb4 4. e3 b6 5. Ne2 Ne4 6. Qc2 Bb7 7. a3 Bxc3+ 8. Nxc3 Nxc3 9. Qxc3 Qh4 10. b3 a5 11. Bb2 d6 12. d5 e5 13. Be2 Nd7 14. O-O O-O 15. b4 Nf6 16. Qc2 c6 17. dxc6 Bxc6 18. f3 Qg5 19. Qc3 Rfc8 20. Rfd1 Ne8 21. e4 Qe7 22. Qe3 Qb7 23. b5 Bd7 24. a4 Be6 25. Rac1 Rc5 26. Ba3 Rac8 27. Bxc5 Rxc5 28. Rc2 Qc7 29. Rcd2 h6 30. h3 Kf8 31. Kh1 Kg8 32. f4 exf4 33. Qxf4 f6 34. Bg4 Bxc4 35. Rc2 Bf7 36. Rxc5 Qxc5 37. Bd7 Qc2 38. Qc1 Qxa4 39. Rd2 Qxe4 40. Qd1 f5 41. Re2 Qa8 42. Re7 Nf6 43. Bc6 Qd8 44. Ra7 Kh7 45. Qd4 Bg6 46. Ra8 Qe7 47. Qxb6 Bf7 48. Qf2 Qe5 49. Ra7 Bg6 50. b6 Qa1+ 51. Kh2 Qe5+ 52. Qg3 Qb2 53. b7 Nh5 54. Qe1 f4 55. Ra8 f3 56. Bxf3 1-0


[Site "https://www.chess.com"]

[Event "Titled Tuesday Blitz November 14 Early 2023"]
[White "Kochiev, Ivan"]
[Black "Kopylov, Alexander A."]
[WhiteFideId "2917890"]
[BlackFideId "4164857"]
[WhiteElo "2543"]
[BlackElo "2795"]
[Result "0-1"]
[Round "5"]
[TimeControl "180+1"]
[Date "2023.11.14"]
[WhiteClock "0:00:00"]
[BlackClock "0:00:13"]
[Board "70"]

1. e4 e5 2. Nf3 Nf6 3. Nxe5 Nxe4 4. Qe2 Qe7 5. Qxe4 d6 6. d4 dxe5 7. dxe5 Nc6 8. Bb5 Bd7 9. O-O O-O-O 10. Nc3 Nxe5 11. Bxd7+ Nxd7 12. Qa4 a6 13. Bf4 Qb4 14. Qxb4 Bxb4 15. Bxc7 Rde8 16. Nd5 Re2 17. Nxb4 Kxc7 18. Rfe1 Rhe8 19. Kf1 R2e4 20. Nd3 Nf6 21. f3 R4e7 22. Rxe7+ Rxe7 23. Re1 Rd7 24. Kf2 Kb6 25. Ne5 Rc7 26. c3 a5 27. a3 Kb5 28. Rd1 Ka4 29. Rd6 b5 30. Rd4+ Kb3 31. Rd2 a4 32. Nd3 Ka2 33. Nc1+ Kb1 34. Ne2 Rb7 35. Nd4 Kc1 36. Ke2 Re7+ 37. Kd3 Rb7 0-1


[Site "https://www.chess.com"]

[Event "Titled Tuesday Blitz November 14 Early 2023"]
[White "Rosen, Eric"]
[Black "Reprintsev, Alexander"]
[WhiteFideId "2032562"]
[BlackFideId "14100541"]
[WhiteElo "2785"]
[BlackElo "2543"]
[Result "0-1"]
[Round "5"]
[TimeControl "180+1"]
[Date "2023.11.14"]
[WhiteClock "0:00:00"]
[BlackClock "0:01:48"]
[Board "71"]

1. e4 e5 2. Nf3 Nc6 3. Nc3 Nf6 4. d4 exd4 5. Nxd4 Bb4 6. Nxc6 bxc6 7. Bd3 d5 8. Bd2 O-O 9. O-O Bg4 10. f3 Be6 11. e5 Nd7 12. f4 f5 13. Kh1 c5 14. a3 Bxc3 15. Bxc3 c4 16. Be2 a5 17. Qe1 c6 18. h3 Nc5 19. Bf3 Qc7 20. Bd4 Ne4 21. Bxe4 fxe4 22. g4 c5 23. Bg1 Rab8 24. f5 Bc8 25. Qc3 d4 26. Qxc4+ Kh8 27. Bh2 e3 28. Bg3 Rxb2 29. Kh2 Qc6 30. Rg1 Ba6 31. Qe6 Qxe6 32. fxe6 Rxc2+ 33. Rg2 Rxg2+ 34. Kxg2 c4 35. e7 Re8 36. Rf1 Kg8 37. Bh4 c3 38. Kf3 Bxf1 39. Ke4 c2 0-1


[Site "https://www.chess.com"]

[Event "Titled Tuesday Blitz November 14 Early 2023"]
[White "Nilsen, Tobias Lang"]
[Black "Sokolovsky, Yahli"]
[WhiteFideId "1521624"]
[BlackFideId "2820242"]
[WhiteElo "2533"]
[BlackElo "2758"]
[Result "0-1"]
[Round "5"]
[TimeControl "180+1"]
[Date "2023.11.14"]
[WhiteClock "0:00:07"]
[BlackClock "0:00:04"]
[Board "72"]

1. e4 d6 2. d4 g6 3. Nc3 Bg7 4. Be3 a6 5. h4 h6 6. h5 g5 7. a4 e6 8. Qd2 f5 9. f4 g4 10. Bd3 Nf6 11. Nge2 Nc6 12. Ng3 Ne7 13. O-O-O b5 14. exf5 exf5 15. axb5 axb5 16. Bxb5+ c6 17. Ba4 Nfd5 18. Nxd5 Rxa4 19. Nc3 Ra1+ 20. Nb1 Be6 21. Qc3 Qa8 22. Kd2 Nd5 23. Qd3 O-O 24. Nc3 Rxd1+ 25. Rxd1 Nb4 26. Qf1 c5 27. dxc5 dxc5 28. Bxc5 Rd8+ 29. Ke1 Rxd1+ 30. Nxd1 Nxc2+ 31. Kf2 Qd5 32. Be3 Bd7 33. Nc3 Qe6 34. Qd3 Nxe3 35. Qxe3 Qc4 36. Nge2 Bc6 37. Kg3 Qf7 38. Qd2 Qxh5 39. b4 Qf7 40. b5 Be8 41. b6 Qb7 42. Qd6 Bc6 43. Nd4 Bxd4 44. Qxd4 Bxg2 45. Nb5 Qf3+ 46. Kh4 Qh3# 0-1


[Site "https://www.chess.com"]

[Event "Titled Tuesday Blitz November 14 Early 2023"]
[White "Korchmar, Vasiliy"]
[Black "Srdanovic, Jovana"]
[WhiteFideId "24131750"]
[BlackFideId "954810"]
[WhiteElo "2751"]
[BlackElo "2520"]
[Result "1-0"]
[Round "5"]
[TimeControl "180+1"]
[Date "2023.11.14"]
[WhiteClock "0:01:11"]
[BlackClock "0:00:17"]
[Board "73"]

1. e4 c5 2. d4 cxd4 3. Qxd4 Nc6 4. Qd3 g6 5. Nc3 Bg7 6. Nf3 d6 7. Be2 Nf6 8. O-O O-O 9. Nd5 Nd7 10. c3 Nc5 11. Qc2 b6 12. Bg5 Ne6 13. Bh4 Bb7 14. Rad1 Rc8 15. Rfe1 h6 16. Qd2 g5 17. Bg3 Ne5 18. Nxe5 dxe5 19. Bg4 Qd6 20. h4 Rcd8 21. hxg5 Nxg5 22. Bh4 Nxe4 23. Nxe7+ Qxe7 24. Qxd8 Qc5 25. Qe7 Qc6 26. Bf3 Qg6 27. Qxb7 1-0


[Site "https://www.chess.com"]

[Event "Titled Tuesday Blitz November 14 Early 2023"]
[White "Atakhan, Abtin"]
[Black "Sokac, Marko"]
[WhiteFideId "22502203"]
[BlackFideId "14531356"]
[WhiteElo "2736"]
[BlackElo "2509"]
[Result "1-0"]
[Round "5"]
[TimeControl "180+1"]
[Date "2023.11.14"]
[WhiteClock "0:01:21"]
[BlackClock "0:01:50"]
[Board "74"]

1. c4 e5 2. g3 Nf6 3. Bg2 d5 4. cxd5 Nxd5 5. Nf3 Nc6 6. O-O Nb6 7. b3 Bg4 8. Bb2 f6 9. Nc3 Qd7 10. Rc1 O-O-O 11. Ne4 h5 12. h4 f5 13. Rxc6 Qxc6 14. Nxe5 Qe8 15. Ng5 f4 16. Ngf7 Bd6 17. Nxh8 Bxe5 18. Bxe5 Qxe5 19. Nf7 Qxe2 20. Bxb7+ Kb8 21. Qxe2 Bxe2 22. Nxd8 1-0


[Site "https://www.chess.com"]

[Event "Titled Tuesday Blitz November 14 Early 2023"]
[White "Csonka, Balazs"]
[Black "Kanyamarala, Tarun"]
[WhiteFideId "742910"]
[BlackFideId "45004714"]
[WhiteElo "2730"]
[BlackElo "2496"]
[Result "1-0"]
[Round "5"]
[TimeControl "180+1"]
[Date "2023.11.14"]
[WhiteClock "0:00:05"]
[BlackClock "0:00:06"]
[Board "75"]

1. d4 Nf6 2. Nf3 d5 3. Bf4 c5 4. e3 Nc6 5. Nbd2 Qb6 6. dxc5 Qxb2 7. Rb1 Qc3 8. Bb5 g6 9. e4 Bg7 10. Rb3 Qxc5 11. Be3 d4 12. Nxd4 Ng4 13. Bxc6+ bxc6 14. Nf5 Nxe3 15. Nxg7+ Kf8 16. Rxe3 Kxg7 17. Qa1+ f6 18. e5 Ba6 19. exf6+ exf6 20. Qxf6+ Kxf6 21. Ne4+ Kf7 22. Nxc5 Bc4 23. a4 Rab8 24. Kd2 Rhd8+ 25. Kc3 Bd5 26. f3 a5 27. Rhe1 Rb4 28. Re7+ Kg8 29. Nd7 Rc4+ 30. Kb2 Rf4 31. Kc1 Rf7 32. Rxf7 Kxf7 33. Nc5 Rb8 34. Kd2 Rb4 35. Kd3 Rc4 36. Nb7 Rxa4 37. Nd6+ Kf6 38. c4 Be6 39. Ne4+ Kg7 40. Nc5 Bxc4+ 41. Kc3 Rb4 42. Ra1 Bd5 43. Rxa5 Rc4+ 44. Kd3 Rc1 45. Ke2 Rc3 46. Kf2 Rc2+ 47. Kg3 h5 48. h4 Rc4 49. Ra7+ Kf6 50. Nd7+ Ke6 51. Nf8+ Kf6 52. Nh7+ Ke6 53. Rg7 c5 54. Rxg6+ Ke7 55. Rg7+ Kd6 56. Rg6+ Kc7 57. Nf6 Bc6 58. Rg5 Rc1 59. Rxh5 c4 60. Rc5 c3 61. Ne4 c2 62. h5 Kb6 63. Rc3 Ba4 64. h6 Bd7 65. h7 Bf5 66. h8=Q Bxe4 67. Qf6+ Kb5 68. fxe4 Kb4 69. Qc6 Rg1 70. Qc5+ Ka4 71. Ra3# 1-0


[Site "https://www.chess.com"]

[Event "Titled Tuesday Blitz November 14 Early 2023"]
[White "LangesNasenhaar"]
[Black "djokovic74"]
[WhiteElo "2451"]
[BlackElo "2725"]
[Result "0-1"]
[Round "5"]
[TimeControl "180+1"]
[Date "2023.11.14"]
[WhiteClock "0:00:01"]
[BlackClock "0:00:08"]
[Board "76"]

1. d4 e6 2. Nc3 Nf6 3. Bf4 Bb4 4. Qd3 O-O 5. O-O-O Bxc3 6. Qxc3 Nd5 7. Qg3 Nxf4 8. Qxf4 d6 9. e4 Nd7 10. Bd3 e5 11. Qe3 exd4 12. Qxd4 Qf6 13. Qxf6 Nxf6 14. f3 a5 15. Ne2 Re8 16. Nc3 Bd7 17. a4 Re5 18. g4 g5 19. h4 h6 20. hxg5 hxg5 21. Bc4 Kg7 22. Rh2 Bc6 23. Rdh1 Rc5 24. b3 Re5 25. Rh6 Bd7 26. Nd5 Nxd5 27. Rh7+ Kf6 28. Bxd5 Be6 29. Bxb7 Rb8 30. Bc6 Ke7 31. Bb5 Rc5 32. Kb2 d5 33. Bd3 d4 34. R7h5 f6 35. Rh7+ Kd6 36. R7h6 Ke5 37. Rh7 Rc3 38. Ka2 c5 39. Rc7 c4 40. Bxc4 Rxc2+ 41. Ka3 Bxc4 42. Rxc4 Rxc4 43. bxc4 d3 44. Rd1 Kd4 45. c5 Kc3 46. c6 d2 47. Ka2 Kc2 48. Rf1 d1=Q 49. Rxd1 Kxd1 0-1


[Site "https://www.chess.com"]

[Event "Titled Tuesday Blitz November 14 Early 2023"]
[White "Bommini Mounika Akshaya"]
[Black "Tristan, Leonardo"]
[WhiteFideId "25019872"]
[BlackFideId "113816"]
[WhiteElo "2299"]
[BlackElo "2724"]
[Result "0-1"]
[Round "5"]
[TimeControl "180+1"]
[Date "2023.11.14"]
[WhiteClock "0:00:01"]
[BlackClock "0:00:45"]
[Board "77"]

1. d4 d5 2. Bf4 Nf6 3. e3 e6 4. Nd2 Bd6 5. Bg3 O-O 6. Ngf3 c5 7. c3 Qc7 8. Ne5 Nc6 9. f4 Ne7 10. Bd3 Nf5 11. Bf2 Be7 12. g4 Nd6 13. Qf3 b6 14. Bh4 Nfe4 15. Bxe7 Qxe7 16. g5 Bb7 17. O-O-O Rfc8 18. Kb1 b5 19. h4 a5 20. h5 b4 21. cxb4 cxd4 22. exd4 axb4 23. g6 fxg6 24. hxg6 h6 25. Rhe1 Qc7 26. Nb3 Qb6 27. Qh3 Nf5 28. Bxe4 dxe4 29. d5 Qa6 30. a4 Qxa4 31. Nc1 Qa1# 0-1


[Site "https://www.chess.com"]

[Event "Titled Tuesday Blitz November 14 Early 2023"]
[White "Grossboss19"]
[Black "Yeletsky, Ivan"]
[BlackFideId "24180327"]
[WhiteElo "2513"]
[BlackElo "2898"]
[Result "0-1"]
[Round "5"]
[TimeControl "180+1"]
[Date "2023.11.14"]
[WhiteClock "0:00:00"]
[BlackClock "0:00:04"]
[Board "78"]

1. d4 Nf6 2. c4 Nc6 3. Nf3 e6 4. Nc3 Bb4 5. e3 d6 6. Bd2 O-O 7. Qc2 e5 8. a3 exd4 9. axb4 Nxb4 10. Qb3 dxc3 11. Bxc3 Na6 12. Qc2 Nc5 13. b4 Nce4 14. Bb2 Re8 15. Bd3 c5 16. b5 b6 17. O-O Bb7 18. Rfd1 Qe7 19. Ra3 Ng4 20. Bxe4 Bxe4 21. Qc3 f6 22. Nd2 Bb7 23. Rda1 d5 24. h3 Ne5 25. Rxa7 Rxa7 26. Rxa7 Ra8 27. Rxa8+ Bxa8 28. Qa3 Qb7 29. Bxe5 dxc4 30. f3 fxe5 31. Nxc4 e4 32. Nxb6 Qxb6 33. Qxa8+ Kf7 34. Qd5+ Kf6 35. Qxe4 Qxb5 36. Qxh7 c4 37. Qh4+ Kf7 38. Qd4 Qb3 39. Qd5+ Kf8 40. Kf2 Qb2+ 41. Ke1 c3 42. Qf5+ Kg8 43. Qe6+ Kf8 44. Qc8+ Kf7 45. Qd7+ Kf8 46. Qf5+ Ke7 47. Qe5+ Kd7 48. Qxg7+ Kc6 49. Qg6+ Kb5 50. Qd3+ Kb4 51. Qd6+ Kb3 52. Qd5+ Kb4 53. Qb7+ Ka3 54. Qa6+ Kb3 55. Qb5+ Ka2 56. Qc4+ Kb1 57. Qd3+ c2 58. Kf2 Ka1 59. Qa6+ Qa2 60. Qf6+ Kb1 61. Qf5 Kb2 62. Qb5+ Kc3 63. Qc5+ Kd2 0-1


[Site "https://www.chess.com"]

[Event "Titled Tuesday Blitz November 14 Early 2023"]
[White "Novik, Maxim"]
[Black "Weetik, Vjacheslav"]
[WhiteFideId "4102924"]
[BlackFideId "4153472"]
[WhiteElo "2513"]
[BlackElo "2819"]
[Result "1-0"]
[Round "5"]
[TimeControl "180+1"]
[Date "2023.11.14"]
[WhiteClock "0:00:29"]
[BlackClock "0:00:05"]
[Board "79"]

1. e4 c6 2. d4 d5 3. Nc3 dxe4 4. Nxe4 Nf6 5. Nxf6+ exf6 6. c3 Bd6 7. Bd3 O-O 8. Ne2 Re8 9. O-O Nd7 10. Bf4 Nf8 11. Qd2 Ng6 12. Bxd6 Qxd6 13. Rfe1 Be6 14. Ng3 Nf4 15. Ne4 Qc7 16. g3 Nxd3 17. Qxd3 b6 18. f3 Re7 19. Re3 Rd8 20. Qe2 c5 21. dxc5 bxc5 22. Rd1 Rxd1+ 23. Qxd1 Bxa2 24. Rd3 g6 25. b3 Kg7 26. c4 Qe5 27. Rd5 Qb2 28. Rd2 Qxb3 29. Qa1 Qe3+ 30. Rf2 Rxe4 31. fxe4 Bxc4 32. Qxf6+ Kg8 33. Qf4 Qd4 34. Kg2 a5 35. Rd2 Bd3 36. e5 Be4+ 37. Kh3 Bf5+ 38. Kh4 Qc3 39. g4 Be6 40. Rd8+ Kg7 41. Qf6+ Kh6 42. g5# 1-0


[Site "https://www.chess.com"]

[Event "Titled Tuesday Blitz November 14 Early 2023"]
[White "Shohat, Yotam"]
[Black "Molina, Roberto Junio Brito"]
[WhiteFideId "2813955"]
[BlackFideId "2109450"]
[WhiteElo "2512"]
[BlackElo "2801"]
[Result "0-1"]
[Round "5"]
[TimeControl "180+1"]
[Date "2023.11.14"]
[WhiteClock "0:00:00"]
[BlackClock "0:00:08"]
[Board "80"]

1. e4 c6 2. c4 d5 3. cxd5 cxd5 4. exd5 Nf6 5. Nc3 Nxd5 6. Nf3 e6 7. Bc4 Be7 8. O-O O-O 9. d4 Nc6 10. Re1 Nf6 11. a3 a6 12. Qd3 b5 13. Ba2 b4 14. Ne4 Bb7 15. Bb1 Nxe4 16. Qxe4 g6 17. Bh6 Re8 18. Qf4 bxa3 19. bxa3 Bf6 20. Be4 Rb8 21. Rad1 Bg7 22. h4 Ne7 23. Bxb7 Rxb7 24. Bxg7 Kxg7 25. h5 Nd5 26. h6+ Kg8 27. Qe5 f6 28. Qe4 Qd6 29. Rc1 Rf7 30. Nd2 Rfe7 31. Nc4 Qf4 32. Qxf4 Nxf4 33. Nd6 Rd8 34. Rc6 Nd5 35. Ne4 a5 36. Nc5 e5 37. dxe5 fxe5 38. Rd1 e4 39. Ne6 Rdd7 40. Rc8+ Kf7 41. Nc5 Rd6 42. Rh8 Kf6 43. Re1 e3 44. fxe3 Nxe3 45. Rf8+ Kg5 46. Rf3 Nf5 47. Ne4+ Kxh6 48. Rh3+ Kg7 49. Kf2 Rde6 0-1


[Site "https://www.chess.com"]

[Event "Titled Tuesday Blitz November 14 Early 2023"]
[White "Pinto, Daniel"]
[Black "Pendos666"]
[WhiteFideId "3303144"]
[WhiteElo "2512"]
[BlackElo "2799"]
[Result "1-0"]
[Round "5"]
[TimeControl "180+1"]
[Date "2023.11.14"]
[WhiteClock "0:00:03"]
[BlackClock "0:00:27"]
[Board "81"]

1. e4 c5 2. Nf3 g6 3. c3 d5 4. e5 Nc6 5. d4 Bg4 6. Bb5 Qb6 7. Bxc6+ bxc6 8. dxc5 Qxc5 9. O-O Bg7 10. Re1 e6 11. Nbd2 Ne7 12. Qa4 Bxf3 13. Nxf3 Qb5 14. Qxb5 cxb5 15. a4 bxa4 16. Rxa4 Nc6 17. Ra6 Kd7 18. Bf4 Rhb8 19. b4 Rb7 20. Ng5 Nd8 21. Nxh7 Rc8 22. Bd2 Nc6 23. f4 Ke8 24. Ng5 Bf8 25. Nf3 Be7 26. h4 Bd8 27. g4 Bb6+ 28. Kg2 d4 29. c4 Nb8 30. Ra4 Rxc4 31. Rc1 Rbc7 32. Raa1 Rc2 33. Rxc2 Rxc2 34. Rc1 Rxc1 35. Bxc1 Nc6 36. b5 Ne7 37. h5 gxh5 38. gxh5 Kf8 39. Ng5 Kg7 40. Kf3 Nd5 41. h6+ Kxh6 42. Nxf7+ Kg6 43. Ng5 Kf5 44. Ne4 Nc3 45. Nd6+ Kg6 46. Bd2 Nd5 47. Ke4 Bc5 48. f5+ exf5+ 49. Kxd5 Bb6 50. Nc4 d3 51. Nxb6 axb6 52. e6 Kf6 53. Kd6 1-0


[Site "https://www.chess.com"]

[Event "Titled Tuesday Blitz November 14 Early 2023"]
[White "Gharibyan, Mamikon"]
[Black "Sreyas Payyappat"]
[WhiteFideId "13308300"]
[BlackFideId "46674969"]
[WhiteElo "2797"]
[BlackElo "2508"]
[Result "1-0"]
[Round "5"]
[TimeControl "180+1"]
[Date "2023.11.14"]
[WhiteClock "0:00:26"]
[BlackClock "0:00:01"]
[Board "82"]

1. e4 c6 2. d4 d5 3. e5 Bf5 4. h4 Qc7 5. g4 Bd7 6. Nc3 h5 7. gxh5 Nh6 8. Bg5 Nf5 9. Bh3 Qb6 10. Bxf5 Bxf5 11. Qd2 e6 12. Nge2 c5 13. Na4 Qc6 14. Nxc5 Bxc5 15. dxc5 Qxc5 16. Nd4 Nc6 17. Nxf5 exf5 18. O-O-O Rc8 19. Kb1 O-O 20. h6 Nxe5 21. hxg7 Rfe8 22. Bf6 Ng4 23. Bd4 Qc4 24. Rhe1 Re4 25. b3 Qc6 26. c3 Qg6 27. f3 Rxe1 28. Rxe1 Nf6 29. Rg1 Qh6 30. Qxh6 1-0


[Site "https://www.chess.com"]

[Event "Titled Tuesday Blitz November 14 Early 2023"]
[White "Erzhanov, Arman"]
[Black "Suyarov, Mukhammadzokhid"]
[WhiteFideId "4138821"]
[BlackFideId "14210495"]
[WhiteElo "2506"]
[BlackElo "2777"]
[Result "0-1"]
[Round "5"]
[TimeControl "180+1"]
[Date "2023.11.14"]
[WhiteClock "0:01:23"]
[BlackClock "0:01:19"]
[Board "83"]

1. e4 e5 2. Nf3 Nf6 3. Nxe5 d6 4. Nc4 Nxe4 5. Nc3 Nxc3 6. dxc3 Be7 7. h3 O-O 8. Bd3 d5 9. Ne3 c6 10. O-O g6 11. Re1 Bf6 12. Ng4 Bxg4 13. Qxg4 Nd7 14. Bh6 Ne5 15. Qd1 Re8 16. Bf1 Qb6 17. Rb1 Re6 18. Bf4 Rae8 19. Re3 Qa5 20. a3 Qa4 21. Bg3 h5 22. Qd2 Bg5 23. f4 Bxf4 24. Bxf4 Qxf4 25. Rbe1 Nf3+ 26. Rxf3 Qxd2 0-1


[Site "https://www.chess.com"]

[Event "Titled Tuesday Blitz November 14 Early 2023"]
[White "Llorente Zaro, Alfonso"]
[Black "Sadovsky, Artem"]
[WhiteFideId "2254131"]
[BlackFideId "4155840"]
[WhiteElo "2766"]
[BlackElo "2504"]
[Result "1-0"]
[Round "5"]
[TimeControl "180+1"]
[Date "2023.11.14"]
[WhiteClock "0:00:19"]
[BlackClock "0:00:12"]
[Board "84"]

1. e4 g6 2. d4 Bg7 3. Nc3 c6 4. h4 d5 5. exd5 cxd5 6. h5 Nc6 7. Be3 Nh6 8. Bb5 Nf5 9. Nf3 Nxe3 10. fxe3 Bg4 11. h6 Bf6 12. Qd3 Bf5 13. e4 dxe4 14. Bxc6+ bxc6 15. Nxe4 O-O 16. Nxf6+ exf6 17. Qc4 Qa5+ 18. c3 Rfe8+ 19. Kf2 Rab8 20. b4 Qa3 21. Rae1 Qb2+ 22. Kg3 Be6 23. Qc5 Qxa2 24. Re3 Rec8 25. Qe7 Qd5 26. Qxf6 Qd6+ 27. Re5 Qf8 28. Ng5 Bd5 29. Re7 Re8 30. Rhe1 Rxe7 31. Rxe7 Qxh6 32. Nxf7 Qf8 33. Qh8# 1-0


[Site "https://www.chess.com"]

[Event "Titled Tuesday Blitz November 14 Early 2023"]
[White "Zomorrodian, Eilia"]
[Black "Sattarov, Bobir"]
[WhiteFideId "12551805"]
[BlackFideId "14203081"]
[WhiteElo "2490"]
[BlackElo "2741"]
[Result "0-1"]
[Round "5"]
[TimeControl "180+1"]
[Date "2023.11.14"]
[WhiteClock "0:00:05"]
[BlackClock "0:01:32"]
[Board "86"]

1. e4 e5 2. Bc4 Bc5 3. Nf3 Nc6 4. d3 h6 5. c3 Qf6 6. b4 Bb6 7. a4 a6 8. Qb3 Nge7 9. h3 d6 10. Be3 O-O 11. O-O Bxh3 12. Bxb6 cxb6 13. Nbd2 Bd7 14. Rfe1 Ng6 15. Nf1 Nf4 16. Ng3 Ne7 17. Nh2 Neg6 18. d4 Nh4 19. Bf1 Rac8 20. Rad1 Be6 21. Qb2 Bc4 22. dxe5 dxe5 23. Bxc4 Rxc4 24. Rd7 Nfxg2 25. Red1 Nf4 26. Rxb7 Nh3+ 27. Kf1 Rxc3 28. Nf5 Rc4 29. Qb3 Nxf5 30. exf5 Qxf5 31. Rd2 Rc1+ 32. Kg2 Nf4+ 33. Kf3 e4+ 34. Kg3 0-1


[Site "https://www.chess.com"]

[Event "Titled Tuesday Blitz November 14 Early 2023"]
[White "Aradhya, Garg"]
[Black "Morgunov, Marc"]
[WhiteFideId "25006746"]
[BlackFideId "1640305"]
[WhiteElo "2735"]
[BlackElo "2490"]
[Result "1-0"]
[Round "5"]
[TimeControl "180+1"]
[Date "2023.11.14"]
[WhiteClock "0:00:25"]
[BlackClock "0:00:00"]
[Board "87"]

1. d4 Nf6 2. c4 g6 3. g3 Bg7 4. Bg2 O-O 5. Nc3 d6 6. Nf3 Nc6 7. O-O e5 8. dxe5 dxe5 9. Bg5 h6 10. Qxd8 Rxd8 11. Bxf6 Bxf6 12. Nd5 Kg7 13. Nxc7 Rb8 14. e4 Be7 15. Nd5 Bc5 16. a3 a5 17. Rab1 b5 18. b4 axb4 19. axb4 Bd4 20. Rfc1 bxc4 21. Rxc4 Rd6 22. Nxd4 Nxd4 23. f4 Ba6 24. Rc7 Bd3 25. Rd1 Nb5 26. Rc5 Be2 27. Rd2 Bg4 28. fxe5 Rdd8 29. Bf1 Na3 30. Ra2 Nb1 31. Rc1 Bf3 32. Bd3 Rxd5 33. exd5 Rxb4 34. Rxb1 Rd4 35. Rd2 Bxd5 36. Rbb2 Be6 37. Kf2 Rd5 38. Bxg6 Rxd2+ 39. Rxd2 Kxg6 40. Ke3 Kf5 41. Kd4 h5 42. Rf2+ Kg6 43. h4 Bb3 44. Kc5 Kg7 45. Kd6 Ba2 46. Ke7 1-0


[Site "https://www.chess.com"]

[Event "Titled Tuesday Blitz November 14 Early 2023"]
[White "Hayrapetyan, Hovik"]
[Black "Shishkov, Andrei"]
[WhiteFideId "13302639"]
[BlackFideId "4500563"]
[WhiteElo "2732"]
[BlackElo "2486"]
[Result "1-0"]
[Round "5"]
[TimeControl "180+1"]
[Date "2023.11.14"]
[WhiteClock "0:00:08"]
[BlackClock "0:00:00"]
[Board "88"]

1. d4 Nf6 2. c4 e6 3. Nc3 Bb4 4. e3 O-O 5. Bd3 c5 6. Ne2 cxd4 7. exd4 d5 8. c5 b6 9. a3 Bxc3+ 10. Nxc3 bxc5 11. dxc5 e5 12. O-O Be6 13. b4 Nc6 14. Bb2 e4 15. Bc2 Qc7 16. Nb5 Qf4 17. Qc1 Qh4 18. g3 Qh5 19. Qf4 Ng4 20. h4 Nce5 21. Nd4 e3 22. f3 Nf6 23. Nxe6 Nc4 24. Bxf6 fxe6 25. Qg5 Qf7 26. Bc3 e5 27. Bb3 d4 28. Bxd4 exd4 29. Rac1 h6 30. Qg4 Kh8 31. Bxc4 Qf6 32. Rcd1 Rad8 33. b5 Qe5 34. Rfe1 h5 35. Qg5 Rf5 36. Qxd8+ Kh7 37. Kg2 1-0


[Site "https://www.chess.com"]